 Dungeon Crawl Stone Soup version 0.28-a0-687-gb91baff9cc (webtiles) character file.

Game seed: 7336644917465999385

17 lawman0 the Chucker (level 2, -1/29 HPs)
             Began as an Ogre Hunter on Oct 19, 2021.
             Slain by a gnoll (6 damage)
             ... on level 1 of the Dungeon.
             The game lasted 00:01:28 (1066 turns).

lawman0 the Chucker (Ogre Hunter)                   Turns: 1066, Time: 00:01:28

Health: -1/29      AC:  5    Str: 21    XL:     2   Next: 62%
Magic:  2/2        EV:  9    Int: 18    God:
Gold:   10         SH:  0    Dex:  9    Spells: 0/1 levels left

rFire   . . .      SeeInvis .   a - +0 short sword
rCold   . . .      Faith    .   (no shield)
rNeg    . . .      Spirit   .   b - +0 robe
rPois   .          Reflect  .   f - +2 hat
rElec   .          Harm     .   (no cloak)
rCorr   .          Rampage  .   (gloves unavailable)
Will    .....                   (boots unavailable)
Stlth   +.........              (no amulet)
HPRegen 0.09/turn               g - +6 ring of strength
MPRegen 0.08/turn               e - +6 ring of intelligence {oo}

@: no status effects
A: large, unfitting armour, tough skin 1
a: no special abilities


You were on level 1 of the Dungeon.
You visited 1 branch of the dungeon, and saw 2 of its levels.

You collected 10 gold pieces.

Inventory:

Hand Weapons
 a - a +0 short sword (weapon)
Missiles
 c - 4 large rocks (quivered)
 d - 2 throwing nets
Armour
 b - a +0 robe (worn)
 f - a +2 hat (worn)
Jewellery
 e - a +6 ring of intelligence (right hand) {oo}
 g - a +6 ring of strength (left hand)
Scrolls
 k - a scroll of teleportation {unknown}
Potions
 i - a potion of resistance {unknown}
 j - a potion of degeneration {unknown}


   Skills:
 + Level 2.9 Fighting
 * Level 4.5 Throwing
 + Level 1.8 Dodging
 + Level 0.9 Stealth


You couldn't memorise any spells.
You knew the following spells:

 Your Spells              Type           Power      Damage    Failure   Level
a - Pain                  Necr           0%         1d4       22%         1

Your spell library contained the following spells:

 Spells                   Type           Power      Damage    Failure   Level
 Agony                    Necr           0%         N/A       99%         5
 Excruciating Wounds      Necr           0%         N/A       99%         5


Dungeon Overview and Level Annotations

Branches:
Dungeon (2/15)

Altars:


Innate Abilities, Weirdness & Mutations

You are too large for most types of armour.
You have tough skin. (AC +1)


Message History

No target in view!
No target in view!
No target in view!
There is an open door here.
c - 5 large rocks (gained 1)
You see here a ball python corpse.
No target in view!
Done exploring.
Done exploring.
Done exploring.
Press: ? - help, . - travel You can't see that place. [a stone staircase leading down.]
There is an open door here.
There is a stone staircase leading down here.
You climb downwards.
The gnoll shouts! x3
Found 15 gold pieces.
There is a stone staircase leading up here.
Unknown command.
Unknown command.
The gnoll hits you with a +0 whip! The gnoll barely misses you.
The gnoll hits you with a +0 whip.
You climb upwards.
There is a stone staircase leading down here.
Throw: 5 large rocks
Press: ? - help, Q - select action, (/) - cycle Shift-Dir - straight line, f - gnoll
Aim: a gnoll, wielding a +0 whip (61% to hit)
You throw a large rock. The large rock barely misses the gnoll.
The gnoll hits you with a +0 whip. x2
Unknown command.
Unknown command.
Unknown command.
Unknown command.
As you read the scroll labelled HAXIMU PA LOG, it crumbles to dust.
You hear a loud clanging noise!
It was a scroll of noise.
The gnoll hits you with a +0 whip.
* * * LOW HITPOINT WARNING * * *
The gnoll hits you with a +0 whip.
You die...

#######.............######.# #.†.
# #####.###............# ###' #
#.# #.###.######## #. # #.# #.#
#.##### ## #######
#.###.###.#.(.#########
......#####......................
#####...........###............##
# ######.....####.######.###.#. #
######......@g...(####.##.... #
#..........g....#............ #
#.####.#.######.######.##...# #
#.# ##.#.# #.######.###.## # #.#
#....## #.............# #
#.###.....# #..#####..###.# #
#.#..###..# #..# #..###.# #.#..#
#..# #..## #......#
#.#..###..#####...####......#


You could see 2 gnolls.

Vanquished Creatures
  A bat (D:1)
  3 endoplasms (D:1)
  3 goblins (D:1)
  3 hobgoblins (D:1)
  2 ball pythons (D:1)
  4 rats (D:1)
16 creatures vanquished.

Notes
Turn   | Place    | Note
-------+----------+-------------------------------------------
     0 | D:1      | lawman0 the Ogre Hunter began the quest for the Orb.
     0 | D:1      | Reached XP level 1. HP: 22/22 MP: 1/1
   234 | D:1      | Reached XP level 2. HP: 18/29 MP: 2/2
   240 | D:1      | Learned a level 1 spell: Pain
   562 | D:1      | Found a faded altar of an unknown god.
  1066 | D:1      | Slain by a gnoll

Illustrated notes

Levels and vault maps discovered:
D:1:      dpeg_arrival_renting, layout_loops_ring,
          shapermc_ecumenical_altar_acropolis, kennysheep_small_spiral,
          minmay_misc_feat_columns
D:2:      minmay_general_purpose_star, layout_basic, nrook_loot_triangle

Action                   || total
-------------------------++-------
Melee: Short sword       ||    24
Throw: Large rock        ||    14
 Cast: Pain              ||     1
  Use: Scroll            ||     1
Armor: Robe              ||    11
Dodge: Dodged            ||    15

Table legend: (Time is in decaauts)
 A = Elapsed time spent in this place.
 B = Non-inter-level travel time spent in this place.
 C = Inter-level travel time spent in this place.
 D = Time resting spent in this place.
 E = Time spent auto-exploring this place.
 F = Levels seen in this place.
 G = Mean time per level.
                   A        B        C        D        E       F      G
               +--------+--------+--------+--------+--------+-----+--------+
         Total |   1079 |   1015 |     64 |    116 |    766 |   2 |  539.5 |
       Dungeon |   1079 |   1015 |     64 |    116 |    766 |   2 |  539.5 |
               +--------+--------+--------+--------+--------+-----+--------+

Top non-repeatable levels by time:
     D:1: 1077 daAuts
     D:2: 1 daAuts
